 Dungeon Crawl Stone Soup version 0.26.1-11-gd32895ea62 (webtiles) character file.

Game seed: 8807374720948569502

78 dtburroughs the Skirmisher (level 4, -2/41 HPs)
             Began as a Minotaur Berserker on June 22, 2021.
             Was a Believer of Trog.
             Slain by an orc warrior
             ... wielding a +0 battleaxe
              (10 damage)
             ... on level 3 of the Dungeon.
             The game lasted 00:01:57 (1793 turns).

dtburroughs the Skirmisher (Minotaur Berserker)     Turns: 1793, Time: 00:01:58

Health: -2/41      AC:  2    Str: 22    XL:     4   Next: 15%
Magic:  3/3        EV: 13    Int:  5    God:    Trog [**....]
Gold:   113        SH:  0    Dex:  9    Spells: 3/3 levels left

rFire    . . .     SeeInvis .   a - +0 hand axe
rCold    . . .     Faith    .   (no shield)
rNeg     . . .     Spirit   .   b - +0 animal skin
rPois    .         Reflect  .   (helmet restricted)
rElec    .         Harm     .   (no cloak)
rCorr    .         Rampage  .   (no gloves)
Will     ++...                  (no boots)
Stlth    +.........             (no amulet)
HPRegen  1.13/turn              (no ring)
MPRegen  0.08/turn              (no ring)

@: regenerating
A: retaliatory headbutt, horns 2
a: Renounce Religion, Berserk, Trog's Hand


You were on level 3 of the Dungeon.
You worshipped Trog.
Trog was pleased with you.
You visited 1 branch of the dungeon, and saw 3 of its levels.

You collected 113 gold pieces.

Inventory:

Hand Weapons
 a - a +0 hand axe (weapon)
 m - a +0 war axe
Armour
 b - a +0 animal skin (worn)
 j - a +0 ring mail
Jewellery
 h - a cursed ring of wizardry {unknown}
Scrolls
 c - 5 scrolls of identify {unknown}
 e - 2 scrolls of remove curse {unknown}
 i - a scroll of fog {unknown}
Potions
 d - a potion of attraction {unknown}
 f - a potion of flight {unknown}
 g - a potion of curing {unknown}
 k - a potion of mutation {unknown}
 l - a potion of ambrosia {unknown}


   Skills:
 + Level 4.3 Fighting
 + Level 4.3 Axes
 + Level 3.4 Armour
 + Level 3.1 Dodging


You had 3 spell levels left.
You didn't know any spells.
Your spell library was empty.

Dungeon Overview and Level Annotations

Branches:
Dungeon (3/15)

Altars:


Innate Abilities, Weirdness & Mutations

You reflexively headbutt those who attack you in melee.
You have a pair of horns on your head.


Message History

The orc priest is severely wounded.
The orc priest casts a cantrip, but nothing happens.
The orc priest hits you but does no damage.
You hit the orc priest.
The orc priest is severely wounded.
You barely miss the orc warrior.
The orc priest calls upon Beogh to heal the orc priest.
The orc priest is healed somewhat.
The orc priest hits you with a +0 short sword.
The orc warrior closely misses you.
An orc priest comes into view. It is wielding a -2 club.
You barely miss the orc priest.
The orc priest is moderately wounded.
You closely miss the orc warrior.
The orc priest invokes the aid of Beogh against you.
Beogh smites you!
* * * LOW HITPOINT WARNING * * *
The orc priest misses you.
The orc warrior hits you with a +0 battleaxe!
You die...

.#
##############.#
.........<...#.#
############.#.#
#.#g# #(#.#
####@#.# #
#...oo!###.####
##.##o(..o......
.........(....?..
###.##..(...#####
#. #..#[..# #.
#......# ..
#.#...## .#
#.#...#


You could see an orc warrior and 3 orc priests.

Vanquished Creatures
  2 adders (D:2)
  An ooze (D:3)
  A dart slug (D:1)
  4 leopard geckos
  6 bats
  5 goblins
  6 hobgoblins
  3 jackals (D:2)
  3 kobolds
  A quokka (D:2)
  2 ball pythons
  7 frilled lizards
  8 rats
49 creatures vanquished.

Vanquished Creatures (others)
  8 plants
8 creatures vanquished.

Grand Total: 57 creatures vanquished

Notes
Turn   | Place    | Note
-------+----------+-------------------------------------------
     0 | D:1      | dtburroughs the Minotaur Berserker began the quest for the
                  | Orb.
     0 | D:1      | Reached XP level 1. HP: 19/19 MP: 0/0
   277 | D:1      | Reached XP level 2. HP: 27/27 MP: 1/1
   636 | D:1      | Reached ** piety under Trog
   772 | D:2      | Reached XP level 3. HP: 33/33 MP: 2/2
  1409 | D:2      | Reached XP level 4. HP: 35/40 MP: 3/3
  1781 | D:3      | Noticed an orc warrior
  1793 | D:3      | Slain by an orc warrior

Illustrated notes

Levels and vault maps discovered:
D:1:      eino_arrival_druids_welcome, layout_rooms, amcnicky_mini_pool_small
D:2:      layout_loops_ring, hex_large, serial_park_tiny_1, minmay_lizard_king
D:3:      layout_loops_ring, nicolae_overflow_hidden_temple

Skill      XL: |  1  2  3 |
---------------+----------+-----
Fighting       | 4 |  4.3
Axes           | 4 |  4.3
Armour         | 3 |  3.4
Dodging        | 3 |  3.1

Action                   |  1- 3 |  4- 6 || total
-------------------------+-------+-------++-------
Melee: Hand axe          |    76 |    17 ||    93
       Headbutt          |     9 |     3 ||    12
Invok: Trog's Hand       |       |     1 ||     1
Armor: Animal skin       |    21 |     5 ||    26
Dodge: Dodged            |    74 |    19 ||    93
